 Dungeon Crawl Stone Soup version 0.30-a0-305-g026cb31310 (webtiles) character file.

Game seed: 14136010784176818127

4986 910rd the Basher (level 10, -1/141 HPs)
             Began as an Armataur Fighter on Oct 23, 2022.
             Was a Priest of Uskayaw.
             Succumbed to a killer bee's poison
             ... on level 9 of the Dungeon.
             The game lasted 00:29:51 (8282 turns).

910rd the Basher (Armataur Fighter)                 Turns: 8282, Time: 00:29:52

Health: -1/141     AC: 22    Str: 22    XL:     10   Next: 29%
Magic:  13/13      EV:  1    Int:  9    God:    Uskayaw [***...]
Gold:   523        SH:  4    Dex: 13    Spells: 9/9 levels left

rFire   + . .      SeeInvis +    E - +0 morningstar
rCold   + . .      Faith    .    c - +0 buckler
rNeg    . . .      Spirit   .    F - +0 gold dragon scales
rPois   +          Reflect  .    G - +0 helmet {SInv}
rElec   .          Harm     .    M - +2 cloak {Will+}
rCorr   .          Roll     +    x - +1 Delatra's gloves {ID++}
Will    +....                    (no barding)
Stlth   ..........               K - amulet of the acrobat
HPRegen 0.43/turn                P - +4 ring of protection
MPRegen 0.13/turn                (no ring)

@: berserking, lethally poisoned (-1 -> -6), very quick
A: large, rugged brown scales 3, deformed body, armoured tail, roll, long
tongue, awkward tongue, stinger 1, thin skeletal structure 1, low MP 1, weak 1
a: Renounce Religion, Stomp, Line Pass


You were on level 9 of the Dungeon.
You worshipped Uskayaw.
Uskayaw was noncommittal.
You visited 2 branches of the dungeon, and saw 10 of its levels.
You also visited: Bailey.

You collected 523 gold pieces.

Inventory:

Hand Weapons
 a - a +0 flail
 g - a +3 dagger of venom
 l - a +4 dagger of freezing
 u - a +0 flail of holy wrath
 v - a +1 hand axe of electrocution
 w - a +2 mace of protection
 E - a +0 morningstar (weapon)
 O - the +4 falchion "Majarej" {spect, rPois rC- rN+ Str+2}
   (You found it on level 7 of the Dungeon)

   When its wielder attacks, the weapon's spirit leaps out and strikes again.
   The spirit shares a part of any damage it takes with its wielder.
   Str:       It affects your strength (+2).
   rC:        It makes you vulnerable to cold.
   rPois:     It protects you from poison.
   rN:        It protects you from negative energy.
Missiles
 p - 10 poisoned darts (quivered)
 I - 6 atropa-tipped darts
 Q - 2 curare-tipped darts
Armour
 b - a +0 scale mail
 c - a +0 buckler (worn)
 h - a +2 cloak
 j - a +2 pair of boots of stealth
 q - the +4 ring mail "Foogomat" {Str+3 Dex+6}
   (You found it on level 3 of the Dungeon)

   Str:       It affects your strength (+3).
   Dex:       It affects your dexterity (+6).
 t - the +3 scale mail of the Shore {-Cast rF+ Will+ Str+3}
   (You found it on level 3 of the Dungeon)

   Str:       It affects your strength (+3).
   rF:        It protects you from fire.
   -Cast:     It prevents spellcasting.
   Will:      It increases your willpower.
 x - the +1 Delatra's gloves (worn) {ID++}
   (You found it on level 3 of the Dungeon)

   It heals its wearer when they drink unknown potions.
   It restores its wearer's MP when they read unknown scrolls.
 y - a +0 pair of gloves
 z - a +1 ring mail of fire resistance
 A - a +2 chain mail of cold resistance
 B - a +0 chain mail of poison resistance
 F - +0 gold dragon scales (worn)
 G - a +0 helmet of see invisible (worn)
 M - a +2 cloak of willpower (worn)
Jewellery
 K - an amulet of the acrobat (around neck)
 P - a +4 ring of protection (left hand)
Wands
 C - a wand of mindburst (8)
 H - a wand of charming (16)
Scrolls
 f - 8 scrolls of teleportation
 i - 2 scrolls of silence
 k - 2 scrolls of enchant armour
 o - a scroll of vulnerability
 r - a scroll of brand weapon
 s - 2 scrolls of poison
 D - 3 scrolls of amnesia
 J - a scroll of immolation
 L - a scroll of blinking
Potions
 d - 2 potions of might
 e - a potion of mutation
 n - a potion of curing
 N - 3 potions of haste {unknown}
 R - a potion of ambrosia


   Skills:
 - Level 8.0 Fighting
 - Level 10.1 Maces & Flails
 - Level 5.0 Armour
 - Level 3.2 Shields
 - Level 6.0 Invocations
 + Level 1.9 Evocations


You had 9 spell levels left.
You didn't know any spells.
Your spell library contained the following spells:

 Spells                   Type           Power      Damage    Failure   Level
 Shock                    Conj/Air       0%         1d3       100%        1
 Blink                    Tloc           0%         N/A       100%        2
 Static Discharge         Conj/Air       0%         2-2/arc   100%        2
 Ignite Poison            Fire/Tmut/Pois 0%         N/A       100%        3
 Kindle Blastsparks       Fire/Tloc/Air  0%         2d10      100%        3
 Swiftness                Air            0%         N/A       100%        3
 Vhi's Electric Charge    Tloc/Air       0%         N/A       100%        3
 Airstrike                Air            0%         2d(0-16)  100%        4
 Manifold Assault         Tloc           0%         N/A       100%        4
 Petrify                  Tmut/Erth      0%         N/A       100%        4
 Arcjolt                  Conj/Air       0%         1d10      100%        5
 Freezing Cloud           Conj/Ice/Air   0%         6-21      100%        5
 Lightning Bolt           Conj/Air       0%         1d11      100%        5
 Metabolic Englaciation   Hex/Ice        0%         N/A       100%        5
 Statue Form              Tmut/Erth      0%         N/A       100%        6
 Storm Form               Tmut/Air       0%         N/A       100%        7


Dungeon Overview and Level Annotations

Branches:
Dungeon (9/15) Zot: 26465  Temple (1/1) D:7 Zot: 5961    Lair (0/5) D:9
 Bailey (visited)
    Orc: D:9-12

Altars:
Cheibriados
Dithmenos
Elyvilon
Fedhas
Gozag
Hepliaklqana
Kikubaaqudgha
Makhleb
Okawaru
Qazlal
Ru
Sif Muna
Trog
Uskayaw
Vehumet
Wu Jian
Xom
Yredelemnul
Zin
The Shining One

Annotations:
D:3 1 runed translucent door, flinch's ghost, amateur TeHu
D:8 1 runed translucent door, Devinter's ghost, novice DrHu


Innate Abilities, Weirdness & Mutations

You are completely covered in rugged brown scales. (AC +3, +7% HP)
Armour fits poorly on your strangely shaped body.
You have a long armoured tail.
You roll when moving toward enemies. (Rampage)
Your long tongue fully drains potion bottles. (2x potion effects)
Your tongue gives you trouble enunciating. (1.5x scroll delay)
Your tail ends in a venomous barb.
You have a somewhat thin skeletal structure. (Dex +2, Stealth+)
Your magical capacity is low. (-10% MP)
You are weak. (Str -2)


Message History

The helpless killer bee fails to defend itself.
You hit the killer bee.
The killer bee is moderately wounded.
You feel sick.
The killer bee is no longer paralysed. x3
You block the killer bee's attack. x2
You take 1 damage, and have 22/141 hp.
You barely miss the killer bee.
Your tail-slap misses the killer bee.
The killer bee is moderately wounded.
The killer bee is no longer paralysed. x2
The killer bee stings you but does no damage.
The killer bee stings you.
* * * LOW HITPOINT WARNING * * *
You are more poisoned.
The killer bee poisons you! The killer bee stings you!
* * * LOW HITPOINT WARNING * * *
The killer bee stings you but does no damage. x3
You take 9 damage, and have 13/141 hp.
You miss the killer bee.
The killer bee is moderately wounded.
You feel sick.
The killer bee stings you but does no damage. x3
You take 2 damage, and have 11/141 hp.
You are too berserk!
Okay, then.
Unknown command.
You miss the killer bee.
The killer bee is moderately wounded.
You feel sick. The killer bee stings you.
* * * LOW HITPOINT WARNING * * *
The killer bee stings you but does no damage.
The killer bee stings you.
* * * LOW HITPOINT WARNING * * *
The killer bee stings you but does no damage.
The killer bee barely misses you.
The killer bee stings you but does no damage.
You take 10 damage, and have 1/141 hp.
Unknown command.
You closely miss the killer bee.
Your tail-slap misses the killer bee.
The killer bee is moderately wounded.
You die...

....... ######....#
....... .....#....#
....... ....#.....#
....... .........##
.......####.........##
..<..................##
...............#.......
##y...............
#@#......y..#.#...
#yy....#....##....
##y.#.#.#.y.###...
#...~..#.y...#...$
...........>..y....
...#..#......}.#....
........###...###.#.
...#.......#.#.##...
.##....#.#.....#...


You could see 4 killer bees.

Vanquished Creatures
  A two-headed ogre (D:9)
  A rime drake (D:9)
  A wraith (D:8)
  3 yaks (D:7)
  Menkaure (D:7)
  2 water moccasins
  2 black bears
  5 ice beasts
  A sky beast (D:6)
  4 orc warriors
  An ogre (D:5)
  4 wolves (D:9)
  A centaur (D:8)
  2 bullfrogs
  A scorpion (D:5)
  A necrophage (D:4)
  3 wights (D:7)
  7 killer bees
  6 hounds
  A jelly (D:7)
  2 iguanas
  4 orc priests
  An iron imp (D:3)
  9 orc wizards
  3 gnolls (D:4)
  10 adders
  A shadow imp (D:7)
  A white imp (D:8)
  3 dart slugs
  51 orcs
  3 ball pythons
  6 endoplasms
  2 giant cockroaches (D:1)
  8 goblins
  4 hobgoblins
  5 quokkas
  6 bats
  2 frilled lizards
  8 kobolds
  8 rats
185 creatures vanquished.

Vanquished Creatures (others)
  An orc warrior (Bailey)
  3 fungi (D:3)
  8 plants
12 creatures vanquished.

Grand Total: 197 creatures vanquished

Notes
Turn   | Place    | Note
-------+----------+-------------------------------------------
     0 | D:1      | 910rd the Armataur Fighter began the quest for the Orb.
     0 | D:1      | Reached XP level 1. HP: 19/19 MP: 1/1
    52 | D:1      | Reached skill level 2 in Maces & Flails
   247 | D:1      | Reached XP level 2. HP: 23/26 MP: 2/2
   893 | D:2      | Reached skill level 3 in Maces & Flails
  1028 | D:2      | You fall into a shaft and drop 2 floors!
  1055 | D:4      | Reached XP level 3. HP: 30/32 MP: 3/3
  1089 | D:4      | Reached skill level 4 in Maces & Flails
  1089 | D:4      | Reached XP level 4. HP: 24/39 MP: 4/4
  1149 | D:4      | Noticed a necrophage
  1177 | D:4      | Found a hide-covered altar of Uskayaw.
  1185 | D:4      | Became a worshipper of Uskayaw the Reveller
  1284 | D:4      | Reached * piety under Uskayaw
  1339 | D:4      | Reached ** piety under Uskayaw
  1521 | D:2      | Reached XP level 5. HP: 44/44 MP: 5/5
  1919 | D:3      | Identified the +4 ring mail "Foogomat" {Str+3 Dex+6}
  2064 | D:3      | Found a snail-covered altar of Cheibriados.
  2075 | D:3      | Reached skill level 5 in Maces & Flails
  2131 | D:3      | Identified the +3 scale mail of the Shore {-Cast rF+ Will+
                  | Str+3}
  2194 | D:3      | Found a runed translucent door.
  2194 | D:3      | Noticed flinch's ghost (amateur TeHu)
  2246 | D:3      | Found a blossoming altar of Fedhas.
  2489 | D:3      | Found the +1 Delatra's gloves {ID++}
  2875 | D:4      | Reached XP level 6. HP: 50/53 MP: 6/6
  2949 | D:4      | Reached skill level 6 in Maces & Flails
  2960 | D:4      | Reached *** piety under Uskayaw
  3038 | D:4      | Reached **** piety under Uskayaw
  3337 | D:5      | Entered Level 5 of the Dungeon
  3353 | D:5      | Reached XP level 7. HP: 44/63 MP: 7/7
  3871 | D:5      | Reached skill level 7 in Maces & Flails
  4120 | D:5      | Found a sacrificial altar of Ru.
  4121 | D:5      | Found a bloodstained altar of Trog.
  4586 | D:6      | Reached skill level 8 in Maces & Flails
  4589 | D:6      | Found an iron altar of Okawaru.
  4623 | D:6      | Reached skill level 1 in Invocations
  4623 | D:6      | Reached XP level 8. HP: 61/70 MP: 7/9
  5274 | D:7      | Noticed Menkaure
  5336 | D:7      | Found an ornate altar of the Wu Jian Council.
  5375 | D:7      | Found a staircase to the Ecumenical Temple.
  5394 | D:7      | Reached ***** piety under Uskayaw
  5415 | D:7      | Found a flagged portal.
  5430 | Bailey   | Entered a bailey
  5472 | Bailey   | Reached skill level 5 in Invocations
  5482 | Bailey   | Noticed an orc knight
  5524 | Bailey   | HP: 2/71 [orc knight/+0 glaive (20)]
  5609 | Bailey   | Reached skill level 5 in Fighting
  5741 | Bailey   | Reached skill level 5 in Armour
  6106 | D:7      | Reached XP level 9. HP: 78/79 MP: 13/13
  6123 | D:7      | Found a glowing silver altar of Zin.
  6124 | D:7      | Found a burning altar of Makhleb.
  6125 | D:7      | Noticed an angel
  6127 | D:7      | Identified the +4 falchion "Majarej" {spect, rPois rC- rN+
                  | Str+2}
  6131 | D:7      | Noticed a cacodemon
  6291 | D:7      | Killed Menkaure
  6317 | D:7      | Reached skill level 9 in Maces & Flails
  6468 | D:7      | Found a white marble altar of Elyvilon.
  6528 | Temple   | Entered the Ecumenical Temple
  6528 | Temple   | Found a transporter.
  6528 | Temple   | Found a transporter.
  6530 | Temple   | Found a transporter.
  6530 | Temple   | Found a transporter.
  6657 | D:7      | Found a radiant altar of Vehumet.
  6983 | D:8      | Found a runed translucent door.
  6984 | D:8      | Noticed Devinter's ghost (novice DrHu)
  6985 | D:8      | Identified the +8 trident "Cosuffol" {vorpal, Str+3}
  6989 | D:8      | Noticed a polar bear
  7171 | D:8      | Reached skill level 10 in Maces & Flails
  7523 | D:8      | Found an opulent altar of Gozag.
  7670 | D:8      | Found a stormy altar of Qazlal.
  7919 | D:9      | Noticed a two-headed ogre
  7929 | D:9      | Gained mutation: You are weak. (Str -2) [potion of
                  | mutation]
  7929 | D:9      | Gained mutation: Your magical capacity is low. (-10% MP)
                  | [potion of mutation]
  7929 | D:9      | Gained mutation: You have a somewhat thin skeletal
                  | structure. (Dex +2, Stealth+) [potion of mutation]
  7929 | D:9      | Gained mutation: Your tail ends in a venomous barb. [potion
                  | of mutation]
  7935 | D:9      | Killed a two-headed ogre
  7936 | D:9      | Reached XP level 10. HP: 54/92 MP: 13/13
  8211 | D:9      | Found a staircase to the Lair.
  8268 | D:9      | Reached skill level 1 in Evocations
  8281 | D:9      | HP: 4/141 [killer bee (6)]
  8281 | D:9      | HP: 1/141 [killer bee (3)]
  8282 | D:9      | Succumbed to a killer bee's poison

Illustrated notes

Levels and vault maps discovered:
D:1:      erik_arrival_cave_to_civilisation [erik_arrival_cave_to_hall],
          layout_basic, minmay_misc_feat_four_crosses
D:2:      layout_basic
D:3:      layout_basic, fedhas_altar_3, slow_altar_2,
          hellmonk_ghost_happy_afterlife, serial_glass, glass_columns_b,
          glass_columns_c
D:4:      layout_basic, mainiacjoe_overflow_boulevard
D:5:      layout_cave_pools, mainiacjoe_overflow_divided_tiny,
          serial_co_window_serial, co_window_paths_a, co_window_paths_b,
          co_window_corner_a, co_window_paths_a, co_window_cross_1,
          co_window_broadway_c, co_window_paths_c, co_window_broadway_a,
          co_window_2corner, co_window_cross_2, co_window_4corner_b,
          glass_columns_a
D:6:      layout_layer_cave, mainiacjoe_overflow_alcove_1,
          chequers_serial_rivers_marsh
D:7:      layout_basic, nicolae_vehumet_altar_sigil, kennysheep_mini,
          mainiacjoe_overflow_concentric_impassable,
          grunt_temple_overflow_order_and_chaos_2, minmay_temple_entry_grid,
          enter_bailey_5, minmay_between, uniq_menkaure
D:8:      layout_loops_ring, nicolae_qazlal_eye_of_the_storm,
          mainiacjoe_overflow_six_doors_small, ebering_ghost_funeral_grove
D:9:      layout_irregular_city, nemelex_spade_bored_becter,
          hellmonk_lair_entry_icy, minmay_unpleasant_kobolds
Temple:   hellmonk_temple_divided_pantheon

Skill      XL: |  1  2  3  4  5  6  7  8  9 10 |
---------------+-------------------------------+-----
Maces & Flails | 2 3 4 5 6 8 10 | 10.1
Fighting       | 4 5 7 8 |  8.0
Invocations    | 1 5 6 |  6.0
Armour         | 5 |  5.0
Evocations     | 1 |  1.9
Shields        | |  3.2

Action                   |  1- 3 |  4- 6 |  7- 9 | 10-12 || total
-------------------------+-------+-------+-------+-------++-------
Melee: Flail             |    92 |   105 |    11 |       ||   208
       Tailslap          |     8 |    17 |    42 |     3 ||    70
       Mace              |       |   102 |   248 |       ||   350
       Morningstar       |       |       |   104 |    47 ||   151
Throw: Dart              |       |       |    15 |       ||    15
Invok: Line Pass         |       |       |     2 |     1 ||     3
Evoke: Wand              |       |       |     2 |       ||     2
  Use: Potion            |       |     2 |     5 |     2 ||     9
       Scroll            |       |     1 |    10 |     1 ||    12
 Stab: Paralysed         |       |     2 |     8 |     4 ||    14
Armor: Scale mail        |    46 |   151 |   132 |       ||   329
       Ring mail         |       |     5 |       |       ||     5
       Gold dragon scale |       |       |   104 |   109 ||   213
Dodge: Dodged            |    36 |    73 |   101 |    24 ||   234
Block: Buckler           |    15 |    34 |    66 |    21 ||   136

Table legend: (Time is in decaauts)
 A = Elapsed time spent in this place.
 B = Non-inter-level travel time spent in this place.
 C = Inter-level travel time spent in this place.
 D = Time resting spent in this place.
 E = Time spent auto-exploring this place.
 F = Levels seen in this place.
 G = Mean time per level.
                   A        B        C        D        E       F      G
               +--------+--------+--------+--------+--------+-----+--------+
         Total |   8378 |   8065 |    313 |    568 |   5602 |  11 |  761.6 |
       Dungeon |   7901 |   7597 |    304 |    459 |   5594 |   9 |  877.9 |
        Temple |     38 |     29 |      9 |      0 |      8 |   1 |   38.0 |
        Bailey |    438 |    438 |      0 |    109 |      0 |   1 |  438.0 |
               +--------+--------+--------+--------+--------+-----+--------+

Top non-repeatable levels by time:
     D:5: 1101 daAuts
     D:7: 1069 daAuts
     D:4: 1041 daAuts
     D:8: 911 daAuts
     D:3: 900 daAuts
     D:6: 886 daAuts
     D:1: 883 daAuts
     D:2: 572 daAuts
     D:9: 534 daAuts
  Bailey: 438 daAuts
  Temple: 38 daAuts
